 Dungeon Crawl Stone Soup version 0.19-a0-1007-g133f65f (webtiles) character file.

729 Ijustatesigmund the Shield-Bearer (level 7, 0/55 HPs)
             Began as a Demonspawn Fighter on July 15, 2016.
             Succumbed to an orc wizard's poison
             ... on level 5 of the Dungeon on July 21, 2016.
             The game lasted 00:10:34 (3200 turns).

Ijustatesigmund the Shield-Bearer (DsFi)            Turns: 3200, Time: 00:10:35

Health: 0/55       AC: 17    Str: 16    XL:     7   Next: 44%
Magic:  7/7        EV:  6    Int: 10    God:
Gold:   248        SH: 17    Dex: 14    Spells: 0 memorised, 6 levels left

rFire  . . .     SeeInvis .     a - +1 flail
rCold  . . .     Gourm    .     h - +0 plate armour
rNeg   . . .     Faith    .     l - +3 large shield
rPois  .         Spirit   +     (no helmet)
rElec  .         Dismiss  .     k - +0 cloak
rCorr  .         Reflect  .     (no gloves)
SustAt .         Harm     .     (no boots)
MR     .....                    (no amulet)
Stlth  ..........               (no ring)
                                n - +5 ring of evasion

@: lethally poisoned (0 -> -53), very slightly contaminated, invisible, not
resistant to hostile enchantments, extremely unstealthy
A: hooves 1, iridescent scales 1, demonic guardian 1, magic shield, magic
regeneration
a: no special abilities


You were on level 5 of the Dungeon.
You were not hungry.

You visited 1 branch of the dungeon, and saw 5 of its levels.

You collected 248 gold pieces.

Inventory:

Hand Weapons
 a - a +1 flail (weapon)
Armour
 h - a +0 plate armour (worn)
 k - a +0 cloak (worn)
 l - a +3 large shield (worn)
Jewellery
 n - a +5 ring of evasion (left hand)
Wands
 o - a wand of flame (25/48)
Scrolls
 b - a scroll of enchant armour
 d - 2 scrolls of immolation
 g - 2 scrolls of remove curse
 p - a scroll of enchant weapon
Potions
 e - a potion of curing {unknown}
 i - a potion of flight
Comestibles
 f - 4 bread rations
 j - a meat ration


   Skills:
 - Level 4.4 Fighting
 + Level 4.5 Maces & Flails
 - Level 4.2 Armour
 + Level 5.1 Shields


You had 6 spell levels left.
You didn't know any spells.

Dungeon Overview and Level Annotations

Branches:
Dungeon (5/15)
 Temple: D:4-7

Altars:
Fedhas
Sif Muna
Vehumet
Xom

Annotations:
D:4 exclusion: oklob plant


Innate Abilities, Weirdness & Mutations

You have large cloven feet.
You are partially covered in iridescent scales. (AC +4)
A weak demonic guardian rushes to your aid.
When hurt, damage is shared between your health and your magic reserves.
You regenerate magic rapidly.


Message History

You block the orc's attack.
Your shield and plate armour prevent you from hitting the orc.
You kick the orc.
The orc is moderately wounded.
* * * LOW HITPOINT WARNING * * *
You feel extremely sick.
You hear some strange, mumbled words.
Something tries to affect you, but you resist.
You block the orc's attack.
You hear some strange, mumbled words.
A puff of flame appears from out of thin air!
You block the puff of flame.
You hit the orc.
The orc is heavily wounded.
* * * LOW HITPOINT WARNING * * *
You feel very sick. The orc closely misses you. You block something's attack.
It was a potion of cure mutation.
It has a very clean taste.
Your hooves look more like feet.
Your thinking seems confused.
You die...

≈≈♣≈P.P.. ≈≈PPPP...
≈≈≈P≈.... P≈.......
........)
############+####...
+...#.............♣♣
#.).'............♣♣♣
#.o@#..........≈≈≈≈P
#.{###'##.##.#♣P≈≈♣≈
#.. #..##'##.♣≈≈≈≈♣≈
....
#..#...#.♣♣≈≈≈≈≈
.....
#..#...#.♣♣≈≈≈≈≈
#.....
#..#...#..≈♣≈≈P≈
#.....
#..#...#...♣♣≈≈≈
###### ##########
♣♣≈


You could see an orc.

Vanquished Creatures
  Sigmund (D:2)
  A water moccasin (D:4)
  A sky beast (D:5)
  An ogre (D:4)
  The ghost of Xiguana the Ruffian, an amateur NaTm (D:3)
  A centaur (D:5)
  Crazy Yiuf (D:2)
  2 worker ants (D:4)
  A hound skeleton (D:4)
  2 adders (D:3)
  3 worms (D:2)
  A giant gecko (D:3)
  9 orcs
  A giant cockroach (D:2)
  8 goblins
  8 hobgoblins
  2 jackals (D:3)
  4 kobolds
  4 bats
  5 giant newts
  3 rats
  5 fungi (D:4)
65 creatures vanquished.

Vanquished Creatures (collateral kills)
  A howler monkey (D:4)
  An orc wizard (D:3)
  An ooze (D:3)
  2 goblins
  A kobold (D:3)
6 creatures vanquished.

Vanquished Creatures (others)
  A fungus (D:4)
1 creature vanquished.

Grand Total: 72 creatures vanquished

Notes
Turn   | Place    | Note
-------+----------+-------------------------------------------
     0 | D:1      | Ijustatesigmund the Demonspawn Fighter began the quest for the Orb.
     0 | D:1      | Reached XP level 1. HP: 18/18 MP: 1/1
   186 | D:1      | Gained mutation: You have large cloven feet. [potion of beneficial mutation]
   187 | D:1      | Gained mutation: You possess an exceptional clarity of mind. [potion of beneficial mutation]
   422 | D:2      | Gained mutation: You are partially covered in iridescent scales. (AC +4) [demonic ancestry]
   422 | D:2      | Reached XP level 2. HP: 24/24 MP: 2/2
   517 | D:2      | Noticed Sigmund
   538 | D:2      | Killed Sigmund
   538 | D:2      | Reached skill level 3 in Shields
   538 | D:2      | Reached XP level 3. HP: 15/30 MP: 3/3
   538 | D:2      | Gained mutation: When hurt, damage is shared between your health and your magic reserves. [demonic ancestry]
   538 | D:2      | Reached XP level 4. HP: 19/37 MP: 4/4
   538 | D:2      | Gained mutation: A weak demonic guardian rushes to your aid. [demonic ancestry]
   538 | D:2      | Reached XP level 5. HP: 22/42 MP: 5/5
  1052 | D:2      | Found a runed door.
  1058 | D:2      | Noticed Crazy Yiuf
  1065 | D:2      | Killed Crazy Yiuf
  1512 | D:3      | Found a deep blue altar of Sif Muna.
  1758 | D:3      | Gained mutation: You regenerate magic rapidly. [demonic ancestry]
  1758 | D:3      | Reached XP level 6. HP: 40/48 MP: 6/6
  1766 | D:3      | Noticed Xiguana's ghost (amateur NaTm)
  1776 | D:3      | Killed Xiguana's ghost
  1776 | D:3      | Reached skill level 4 in Shields
  2250 | D:4      | Found a blossoming altar of Fedhas.
  2271 | D:4      | Noticed an oklob plant
  2419 | D:4      | Upgraded the game from 0.19-a0-994-g3c636f0 to 0.19-a0-1007-g133f65f
  2517 | D:4      | Found a radiant altar of Vehumet.
  2871 | D:4      | Found a shimmering altar of Xom.
  3019 | D:4      | Noticed a water moccasin
  3028 | D:4      | Killed a water moccasin
  3028 | D:4      | Gained mutation: You have hoof-like feet. [demonic ancestry]
  3028 | D:4      | Reached XP level 7. HP: 55/55 MP: 7/7
  3050 | D:5      | Entered Level 5 of the Dungeon
  3093 | D:5      | Reached skill level 5 in Shields
  3200 | D:5      | Lost mutation: You have hoof-like feet. [potion of cure mutation]
  3200 | D:5      | Lost mutation: You possess an exceptional clarity of mind. [potion of cure mutation]
  3200 | D:5      | Succumbed to an orc wizard's poison

Vault maps used:
D:1:      co_arrival_square_in_a_square_in_a_square
D:2:      uniq_crazy_yiuf_cottage, uniq_sigmund
D:3:      overflow_temple_1_default
D:4:      xom_teletrap_fun, vehumet_altar_wand_db, first_bread, tgw_fedhas
D:5:      marbit_many_paths, serial_bayou, serial_bayou_pond_b,
          serial_bayou_lagoon_a, serial_bayou_pond_d, serial_bayou_shore_a,
          serial_bayou_ford_a, serial_bayou_lake_a

Skill      XL: |  1  2  3  4  5  6  7 |
---------------+----------------------+-----
Maces & Flails | 2 3 4 |  4.5
Armour         | 3 4 |  4.2
Shields        | 3 4 5 |  5.1
Fighting       | 4 |  4.4

Action                   |  1- 3 |  4- 6 |  7- 9 || total
-------------------------+-------+-------+-------++-------
Melee: Flail             |    65 |   324 |    30 ||   419
       Kick              |    16 |    80 |    14 ||   110
  Use: Scroll            |     3 |     9 |       ||    12
       Potion            |     4 |       |     3 ||     7
 Stab: Distracted        |       |     2 |       ||     2
  Eat: Chunk             |       |     7 |       ||     7
       Bread ration      |       |       |     1 ||     1
Armor: Plate armour      |    18 |   132 |    18 ||   168
       Scale mail        |     5 |       |       ||     5
Dodge: Dodged            |     4 |    17 |     7 ||    28
Block: Shield            |    13 |       |       ||    13
       Large shield      |    20 |   246 |    30 ||   296
